Map: [ESL] Equilibrium

Players

LiquidMaNa (MaNa) - Winner!

  • Race: Protoss Protoss
  • League: Grandmaster
  • Spawn Location: 1:00

Wayne (Vanya)

  • Race: Zerg Zerg
  • Spawn Location: 11:00

VOD

Have the link to the VOD?

Description

Time

  • Played on: Nov. 21, 2023, 10:05 a.m.
  • Length: 3:09
Show
View Real Time Build Order
Export as new Build Order

LiquidMaNa Protoss - Winner!

Build Orders:  

Get SALT Encoding   

  12  0:00  Probe  
  13  0:12  Probe  
  14  0:20  Pylon  
  14  0:24  Probe  
  15  0:38  Probe (Chrono Boost)  
  15  0:41  Gateway  
  16  0:47  Probe (Chrono Boost)  
  17  0:50  Assimilator  
  17  0:52  Probe (Chrono Boost)  
  18  1:03  Forge  
  18  1:14  Pylon  
  18  1:17  Probe  
  19  1:28  Cybernetics Core  
  19  1:37  Photon Cannon  
  19  1:39  Probe  
  20  1:51  Probe  
  21  1:59  Gateway  
  21  2:03  Adept (Chrono Boost)  
  21  2:06  Photon Cannon  
  24  2:13  Photon Cannon  
  23  2:19  Pylon  
  23  2:23  Adept (Chrono Boost)  
Show
View Real Time Build Order
Export as new Build Order

Wayne Zerg 

Build Orders: Hatch First 

Get SALT Encoding   

  12  0:00  Drone  
  13  0:12  Overlord  
  13  0:16  Drone  
  14  0:30  Drone  
  14  0:31  Drone  
  14  0:34  Drone  
  17  0:52  Hatchery  
  17  0:54  Drone  
  17  0:57  Drone  
  18  1:08  Extractor  
  17  1:13  Spawning Pool  
  17  1:15  Drone  
  17  1:20  Drone  
  18  1:27  Drone  
  19  1:39  Drone  
  20  1:50  Drone  
  21  2:00  Drone  
  22  2:05  Queen  
  22  2:08  Zergling x2  
  25  2:12  Spine Crawler  
  25  2:13  Zergling x2  
  25  2:19  Zergling x2  
  26  2:27  Zergling x2  
Tags
 
Add a new tag
Caveats
  • Supply blocks, unpowered buildings, or Contaminate may cause inaccurate times.
  • Supply counts are checked every 10 seconds.